2375 views
Uploaded 2021-07-28 05:50:17
Game version 1.32.10
22:31 long 4on4 ladder game on (8)Mur'gulOasis_LV
Saved by Teelo
2375 views
Uploaded 2021-07-28 05:50:17
Game version 1.32.10
22:31 long 4on4 ladder game on (8)Mur'gulOasis_LV

122 units @ 16.8k
/ 2.2k
65 buildings @ 10.7k
/ 4.1k


| Healing Salve | 2 | 200 |
| Lesser Clarity Potion | 2 | 140 |
| Potion of Mana | 1 | 200 |
| Scroll of Town Portal | 1 | 350 |
| Potion of Lesser Invulnerability | 1 | 150 |
| total: | 7 | 1040g |
| Peon | 9 | 675 | / | 0 |
| Troll Headhunter | 15 | 2100 | / | 300 |
| Troll Berserker | 10 | 1400 | / | 200 |
| Shaman | 5 | 650 | / | 100 |
| Demolisher | 5 | 1100 | / | 250 |
| total: | 44 | 5925g | / | 850w |
| Watch Tower | 2 | 220 | / | 160 |
| Altar of Storms | 1 | 180 | / | 50 |
| Orc Burrow | 5 | 800 | / | 200 |
| Barracks | 2 | 360 | / | 100 |
| War Mill | 1 | 205 | / | 0 |
| Voodoo Lounge | 1 | 130 | / | 30 |
| Spirit Lodge | 1 | 150 | / | 150 |
| Stronghold | 1 | 315 | / | 190 |
| Fortress | 2 | 650 | / | 380 |
| total: | 13 | 2045g | / | 690w |
| 0:28 | Peon |
| 0:32 | Altar of Storms |
| 0:34 | Orc Burrow |
| 0:37 | Peon |
| 0:53 | Peon |
| 1:05 | Barracks |
| 1:18 | Peon |
| 1:27 | Peon |
| 1:37 | War Mill |
| 1:44 | Peon |
| 1:59 | Peon |
| 2:10 | Peon |
| 2:21 | Orc Burrow |
| 2:32 | Peon |
| 2:36 | War Stomp |
| 2:48 | Troll Headhunter |
| 2:57 | Orc Burrow |
| 3:06 | Troll Headhunter |
| 3:06 | Troll Headhunter |
| 3:29 | Voodoo Lounge |
| 3:51 | Troll Headhunter |
| 4:09 | Stronghold |
| 4:17 | Troll Headhunter |
| 4:26 | Endurance Aura |
| 4:36 | Healing Salve |
| 4:39 | Troll Headhunter |
| 4:45 | Spiked Barricades |
| 5:23 | Troll Headhunter |
| 5:26 | Orc Burrow |
| 5:53 | Steel Ranged Weapons |
| 6:03 | Troll Headhunter |
| 6:08 | Healing Salve |
| 6:56 | Reinforced Defenses |
| 6:59 | Watch Tower |
| 7:00 | Troll Regeneration |
| 7:31 | Healing Wave |
| 7:33 | Watch Tower |
| 7:37 | Fortress |
| 8:27 | Spirit Lodge |
| 8:59 | Scroll of Town Portal |
| 8:59 | Lesser Clarity Potion |
| 9:06 | Troll Headhunter |
| 9:29 | Potion of Lesser Invulnerability |
| 9:46 | Troll Headhunter |
| 9:46 | Troll Headhunter |
| 10:14 | War Stomp |
| 11:35 | Endurance Aura |
| 11:43 | Shaman Adept Training |
| 11:44 | Troll Headhunter |
| 11:44 | Troll Headhunter |
| 11:45 | Troll Headhunter |
| 11:46 | Berserker Upgrade |
| 11:48 | Thorium Ranged Weapons |
| 11:59 | Lesser Clarity Potion |
| 11:59 | Potion of Mana |
| 12:12 | Troll Headhunter |
| 12:42 | Hex |
| 13:42 | Troll Berserker |
| 13:42 | Troll Berserker |
| 13:43 | Shaman Master Training |
| 13:44 | Shaman |
| 13:45 | Steel Armor |
| 13:47 | Healing Wave |
| 14:00 | Endurance Aura |
| 14:37 | Troll Berserker |
| 14:38 | Shaman |
| 14:39 | Arcanite Ranged Weapons |
| 15:02 | Troll Berserker |
| 15:02 | Troll Berserker |
| 15:02 | Troll Berserker |
| 15:02 | Troll Berserker |
| 15:03 | Troll Berserker |
| 15:03 | Troll Berserker |
| 15:03 | Troll Berserker |
| 15:45 | Shaman |
| 15:46 | Shaman |
| 16:05 | Hex |
| 16:22 | Demolisher |
| 16:23 | Burning Oil |
| 16:27 | Barracks |
| 17:08 | Orc Burrow |
| 17:58 | Reincarnation |
| 18:25 | Shaman |
| 18:27 | Demolisher |
| 18:27 | Demolisher |
| 18:27 | Demolisher |
| 18:27 | Demolisher |
| 19:12 | Healing Wave |
| Right click | 662 |
| Select | 461 |
| Select group | 187 |
| Build/train/purchase | 119 |
| Use ability | 29 |
| Assign group | 15 |
| Remove unit | 5 |
| Misc. action | 3 |
| Item give/drop | 3 |
| Minimap ping | 2 |

| Scroll of Town Portal | 1 | 350 |
| total: | 1 | 350g |
| Wisp | 11 | 660 | / | 0 |
| Chimaera | 6 | 1980 | / | 420 |
| total: | 17 | 2640g | / | 420w |
| Altar of Elders | 1 | 180 | / | 50 |
| Moon Well | 10 | 1800 | / | 400 |
| Hunter's Hall | 1 | 210 | / | 100 |
| Ancient of Wonders | 1 | 90 | / | 30 |
| Chimaera Roost | 3 | 420 | / | 570 |
| Tree of Ages | 2 | 640 | / | 360 |
| Tree of Eternity | 1 | 330 | / | 200 |
| total: | 16 | 2700g | / | 1150w |
| 0:02 | Wisp |
| 0:02 | Wisp |
| 0:10 | Altar of Elders |
| 0:11 | Moon Well |
| 0:27 | Wisp |
| 0:27 | Wisp |
| 0:46 | Wisp |
| 0:51 | Moon Well |
| 0:57 | Wisp |
| 1:03 | Wisp |
| 1:25 | Wisp |
| 1:25 | Wisp |
| 1:29 | Wisp |
| 1:29 | Wisp |
| 2:10 | Moon Well |
| 2:12 | Immolation |
| 2:21 | Moon Well |
| 2:36 | Tree of Ages |
| 2:38 | Moon Well |
| 3:05 | Moon Well |
| 4:00 | Moon Well |
| 4:03 | Evasion |
| 5:02 | Moon Well |
| 5:02 | Tree of Eternity |
| 6:05 | Moon Well |
| 6:22 | Immolation |
| 6:47 | Hunter's Hall |
| 6:49 | Ancient of Wonders |
| 7:25 | Chimaera Roost |
| 7:26 | Chimaera Roost |
| 7:28 | Chimaera Roost |
| 8:33 | Strength of the Wild |
| 8:34 | Reinforced Hides |
| 8:48 | Moon Well |
| 8:52 | Chimaera |
| 8:55 | Scroll of Town Portal |
| 9:01 | Well Spring |
| 10:04 | Chimaera |
| 11:01 | Evasion |
| 11:18 | Chimaera |
| 11:20 | Corrosive Breath |
| 12:33 | Chimaera |
| 13:44 | Immolation |
| 14:47 | Chimaera |
| 15:01 | Metamorphosis |
| 16:19 | Chimaera |
| 17:25 | Improved Strength of the Wild |
| 18:15 | Evasion |
| 18:58 | Advanced Strength of the Wild |
| Right click | 621 |
| Select group | 419 |
| Select | 84 |
| Chat | 80 |
| Build/train/purchase | 54 |
| Assign group | 13 |
| Use ability | 8 |

| Rod of Necromancy | 4 | 600 |
| Sacrificial Skull | 1 | 50 |
| Orb of Corruption | 1 | 375 |
| Scroll of Town Portal | 1 | 350 |
| total: | 7 | 1375g |
| Acolyte | 7 | 525 | / | 0 |
| Ghoul | 7 | 840 | / | 0 |
| Crypt Fiend | 11 | 2365 | / | 440 |
| Frost Wyrm | 1 | 385 | / | 120 |
| total: | 26 | 4115g | / | 560w |
| Nerubian Tower | 1 | 100 | / | 20 |
| Spirit Tower | 8 | 1160 | / | 320 |
| Altar of Darkness | 1 | 180 | / | 50 |
| Ziggurat | 13 | 1950 | / | 650 |
| Crypt | 2 | 400 | / | 100 |
| Graveyard | 1 | 215 | / | 0 |
| Tomb of Relics | 1 | 130 | / | 30 |
| Necropolis | 1 | 225 | / | 0 |
| Slaughterhouse | 1 | 140 | / | 135 |
| Boneyard | 2 | 350 | / | 400 |
| Halls of the Dead | 2 | 640 | / | 420 |
| Black Citadel | 1 | 325 | / | 230 |
| total: | 22 | 3590g | / | 1365w |
| 0:02 | Acolyte |
| 0:02 | Acolyte |
| 0:10 | Altar of Darkness |
| 0:14 | Ziggurat |
| 0:38 | Crypt |
| 0:59 | Graveyard |
| 1:10 | Nerubian Tower |
| 1:31 | Tomb of Relics |
| 1:43 | Ghoul |
| 1:46 | Ghoul |
| 2:06 | Ziggurat |
| 2:16 | Death Coil |
| 2:36 | Ghoul |
| 2:37 | Ghoul |
| 2:47 | Rod of Necromancy |
| 2:47 | Sacrificial Skull |
| 3:15 | Crypt Fiend |
| 3:28 | Spirit Tower |
| 3:45 | Creature Attack |
| 3:57 | Unholy Aura |
| 4:02 | Crypt Fiend |
| 4:20 | Halls of the Dead |
| 4:23 | Crypt Fiend |
| 5:03 | Rod of Necromancy |
| 5:04 | Rod of Necromancy |
| 5:13 | Ziggurat |
| 5:15 | Ziggurat |
| 5:45 | Ziggurat |
| 5:48 | Ziggurat |
| 5:50 | Ziggurat |
| 6:06 | Creature Carapace |
| 6:09 | Spirit Tower |
| 6:34 | Unholy Aura |
| 7:02 | Rod of Necromancy |
| 7:19 | Black Citadel |
| 7:21 | Crypt Fiend |
| 7:23 | Ghoul |
| 7:23 | Ghoul |
| 7:23 | Ghoul |
| 7:42 | Ziggurat |
| 7:55 | Spirit Tower |
| 8:36 | Unholy Strength |
| 8:38 | Spirit Tower |
| 8:40 | Ziggurat |
| 9:03 | Slaughterhouse |
| 9:06 | Unholy Armor |
| 9:23 | Web |
| 9:43 | Spirit Tower |
| 9:49 | Burrow |
| 10:23 | Death Coil |
| 10:50 | Crypt Fiend |
| 10:53 | Crypt |
| 10:55 | Improved Creature Attack |
| 11:46 | Scroll of Town Portal |
| 11:49 | Unholy Aura |
| 11:53 | Orb of Corruption |
| 12:20 | Crypt Fiend |
| 12:37 | Crypt Fiend |
| 13:00 | Crypt Fiend |
| 13:18 | Improved Creature Carapace |
| 13:46 | Crypt Fiend |
| 14:24 | Crypt Fiend |
| 14:47 | Death Coil |
| 14:55 | Crypt Fiend |
| 15:00 | Acolyte |
| 15:29 | Advanced Creature Attack |
| 16:31 | Necropolis |
| 17:05 | Advanced Creature Carapace |
| 18:10 | Ziggurat |
| 18:11 | Ziggurat |
| 18:11 | Ziggurat |
| 18:12 | Ziggurat |
| 18:30 | Acolyte |
| 18:30 | Acolyte |
| 18:31 | Acolyte |
| 18:38 | Improved Unholy Armor |
| 18:38 | Improved Unholy Strength |
| 18:57 | Boneyard |
| 19:03 | Spirit Tower |
| 19:20 | Spirit Tower |
| 19:45 | Acolyte |
| 19:49 | Boneyard |
| 20:11 | Frost Wyrm |
| 20:37 | Halls of the Dead |
| 21:54 | Advanced Unholy Strength |
| 21:54 | Advanced Unholy Armor |
| Select group | 352 |
| Chat | 328 |
| Right click | 319 |
| Assign group | 224 |
| Select | 187 |
| Misc. action | 124 |
| Build/train/purchase | 108 |
| Use ability | 29 |
| Esc | 4 |
| Item give/drop | 1 |
| Minimap ping | 1 |

| Lesser Clarity Potion | 2 | 140 |
| Scroll of Town Portal | 2 | 700 |
| Healing Salve | 1 | 100 |
| Scroll of Speed | 1 | 50 |
| total: | 6 | 990g |
| Wisp | 9 | 540 | / | 0 |
| Archer | 19 | 2470 | / | 190 |
| Hippogryph | 7 | 1120 | / | 140 |
| total: | 35 | 4130g | / | 330w |
| Ancient of War | 2 | 300 | / | 120 |
| Moon Well | 7 | 1260 | / | 280 |
| Altar of Elders | 1 | 180 | / | 50 |
| Ancient of Wonders | 1 | 90 | / | 30 |
| Hunter's Hall | 1 | 210 | / | 100 |
| Ancient of Wind | 2 | 300 | / | 280 |
| Tree of Ages | 2 | 640 | / | 360 |
| Tree of Eternity | 2 | 660 | / | 400 |
| total: | 14 | 2340g | / | 860w |
| 0:02 | Wisp |
| 0:07 | Ancient of War |
| 0:09 | Moon Well |
| 0:14 | Wisp |
| 0:41 | Wisp |
| 1:00 | Wisp |
| 1:11 | Archer |
| 1:28 | Altar of Elders |
| 1:36 | Wisp |
| 1:52 | Moon Well |
| 2:00 | Wisp |
| 2:49 | Moon Well |
| 3:08 | Archer |
| 3:09 | Wisp |
| 3:10 | Wisp |
| 3:17 | Moon Well |
| 3:23 | Black Arrow |
| 3:29 | Archer |
| 3:44 | Wisp |
| 3:52 | Ancient of Wonders |
| 4:01 | Archer |
| 4:31 | Archer |
| 4:59 | Archer |
| 5:17 | Tree of Ages |
| 5:42 | Archer |
| 5:46 | Hunter's Hall |
| 5:50 | Silence |
| 6:08 | Archer |
| 6:13 | Ancient of War |
| 6:52 | Archer |
| 6:54 | Strength of the Moon |
| 7:18 | Archer |
| 7:19 | Archer |
| 7:25 | Healing Salve |
| 7:25 | Lesser Clarity Potion |
| 7:28 | Lesser Clarity Potion |
| 7:30 | Scroll of Speed |
| 7:33 | Scroll of Town Portal |
| 7:49 | Archer |
| 8:29 | Archer |
| 8:44 | Archer |
| 8:45 | Improved Bows |
| 9:12 | Ancient of Wind |
| 9:14 | Ancient of Wind |
| 9:17 | Scroll of Town Portal |
| 9:53 | Black Arrow |
| 10:29 | Archer |
| 10:30 | Hippogryph |
| 10:49 | Archer |
| 10:50 | Hippogryph |
| 11:29 | Silence |
| 11:39 | Archer |
| 11:39 | Hippogryph |
| 13:35 | Archer |
| 13:36 | Hippogryph |
| 13:43 | Black Arrow |
| 14:06 | Hippogryph |
| 14:06 | Archer |
| 15:19 | Tree of Eternity |
| 15:20 | Improved Strength of the Moon |
| 15:43 | Hippogryph |
| 16:13 | Charm |
| 17:04 | Hippogryph |
| 18:19 | Marksmanship |
| 18:20 | Advanced Strength of the Moon |
| 18:21 | Moon Armor |
| 18:45 | Moon Well |
| 18:46 | Moon Well |
| 18:46 | Moon Well |
| 22:14 | Ultravision |
| 22:17 | Well Spring |
| Select group | 768 |
| Right click | 509 |
| Select | 245 |
| Build/train/purchase | 73 |
| Assign group | 68 |
| Use ability | 42 |
| Misc. action | 36 |
| Remove unit | 3 |
| Minimap ping | 1 |
92 units @ 14.1k
/ 1.7k
69 buildings @ 8.2k
/ 3.1k


| Healing Salve | 2 | 200 |
| Scroll of Speed | 2 | 100 |
| Potion of Mana | 2 | 400 |
| Orb of Lightning | 1 | 375 |
| Boots of Speed | 1 | 250 |
| Staff of Teleportation | 1 | 150 |
| total: | 9 | 1475g |
| Peon | 7 | 525 | / | 0 |
| Grunt | 4 | 800 | / | 0 |
| Wind Rider | 7 | 1855 | / | 280 |
| total: | 18 | 3180g | / | 280w |
| Altar of Storms | 1 | 180 | / | 50 |
| Orc Burrow | 5 | 800 | / | 200 |
| Barracks | 1 | 180 | / | 50 |
| Voodoo Lounge | 1 | 130 | / | 30 |
| War Mill | 1 | 205 | / | 0 |
| Beastiary | 2 | 290 | / | 280 |
| Stronghold | 1 | 315 | / | 190 |
| Fortress | 1 | 325 | / | 190 |
| total: | 11 | 1785g | / | 610w |
| 0:04 | Peon |
| 0:04 | Peon |
| 0:16 | Altar of Storms |
| 0:19 | Orc Burrow |
| 0:29 | Barracks |
| 0:37 | Peon |
| 0:51 | Peon |
| 1:00 | Peon |
| 1:12 | Peon |
| 1:24 | Peon |
| 1:34 | Grunt |
| 1:46 | Orc Burrow |
| 2:03 | Voodoo Lounge |
| 2:19 | Wind Walk |
| 2:26 | Orc Burrow |
| 2:38 | Grunt |
| 3:13 | Stronghold |
| 3:41 | Grunt |
| 3:47 | War Mill |
| 4:04 | Healing Salve |
| 4:04 | Scroll of Speed |
| 4:22 | Grunt |
| 5:00 | Critical Strike |
| 5:12 | Orc Burrow |
| 6:14 | Pillage |
| 6:16 | Beastiary |
| 6:18 | Beastiary |
| 6:27 | Boots of Speed |
| 6:32 | Wind Walk |
| 6:50 | Staff of Teleportation |
| 7:32 | Fortress |
| 7:36 | Wind Rider |
| 8:35 | Wind Rider |
| 8:39 | Hex |
| 8:40 | Potion of Mana |
| 8:41 | Healing Salve |
| 9:40 | Healing Wave |
| 10:00 | Wind Rider |
| 10:05 | Orc Burrow |
| 11:12 | Critical Strike |
| 11:52 | Envenomed Spears |
| 11:52 | Wind Rider |
| 11:53 | Wind Rider |
| 12:05 | Wind Rider |
| 12:54 | Potion of Mana |
| 12:55 | Scroll of Speed |
| 12:56 | Orb of Lightning |
| 13:08 | Wind Rider |
| Right click | 508 |
| Select | 182 |
| Select group | 180 |
| Misc. action | 87 |
| Build/train/purchase | 54 |
| Use ability | 15 |
| Assign group | 14 |
| Item give/drop | 1 |
| Esc | 1 |

| Rod of Necromancy | 2 | 300 |
| Sacrificial Skull | 1 | 50 |
| Ritual Dagger | 1 | 125 |
| Potion of Healing | 2 | 300 |
| Potion of Mana | 1 | 200 |
| total: | 7 | 975g |
| Acolyte | 4 | 300 | / | 0 |
| Ghoul | 11 | 1320 | / | 0 |
| Crypt Fiend | 12 | 2580 | / | 480 |
| Necromancer | 8 | 1160 | / | 160 |
| Troll Batrider | 1 | 160 | / | 40 |
| Peon | 2 | 150 | / | 0 |
| total: | 38 | 5670g | / | 680w |
| Spirit Tower | 1 | 145 | / | 40 |
| Crypt | 1 | 200 | / | 50 |
| Ziggurat | 5 | 750 | / | 250 |
| Altar of Darkness | 1 | 180 | / | 50 |
| Tomb of Relics | 1 | 130 | / | 30 |
| Graveyard | 1 | 215 | / | 0 |
| Temple of the Damned | 1 | 155 | / | 140 |
| Sacrificial Pit | 1 | 75 | / | 150 |
| Halls of the Dead | 1 | 320 | / | 210 |
| Black Citadel | 1 | 325 | / | 230 |
| Watch Tower | 1 | 110 | / | 80 |
| War Mill | 1 | 205 | / | 0 |
| Great Hall | 2 | 770 | / | 370 |
| total: | 15 | 2790g | / | 1120w |
| 0:04 | Acolyte |
| 0:18 | Crypt |
| 0:24 | Ziggurat |
| 0:26 | Acolyte |
| 0:38 | Acolyte |
| 1:05 | Altar of Darkness |
| 1:11 | Tomb of Relics |
| 1:21 | Ghoul |
| 1:26 | Ziggurat |
| 1:38 | Ghoul |
| 1:54 | Ghoul |
| 2:10 | Ghoul |
| 2:21 | Black Arrow |
| 2:28 | Ghoul |
| 2:49 | Ghoul |
| 2:57 | Graveyard |
| 3:08 | Ziggurat |
| 3:21 | Rod of Necromancy |
| 3:24 | Sacrificial Skull |
| 3:36 | Cannibalize |
| 4:02 | Halls of the Dead |
| 4:14 | Ghoul |
| 4:31 | Ghoul |
| 4:59 | Ghoul |
| 5:22 | Life Drain |
| 5:30 | Ritual Dagger |
| 5:37 | Ghoul |
| 5:50 | Unholy Strength |
| 5:52 | Ghoul |
| 5:57 | Crypt Fiend |
| 6:30 | Crypt Fiend |
| 6:31 | Black Citadel |
| 7:41 | Crypt Fiend |
| 7:49 | Temple of the Damned |
| 8:00 | Crypt Fiend |
| 8:29 | Crypt Fiend |
| 8:51 | Potion of Healing |
| 8:56 | Necromancer Adept Training |
| 9:04 | Crypt Fiend |
| 9:10 | Backpack |
| 9:16 | Necromancer |
| 9:45 | Rod of Necromancy |
| 9:49 | Necromancer |
| 10:10 | Necromancer Master Training |
| 10:12 | Acolyte |
| 10:14 | Burrow |
| 11:03 | Necromancer |
| 11:08 | Necromancer |
| 11:11 | Sacrificial Pit |
| 11:32 | Crypt Fiend |
| 11:52 | Necromancer |
| 11:57 | Crypt Fiend |
| 12:12 | Ziggurat |
| 12:13 | Ziggurat |
| 12:19 | Potion of Healing |
| 12:32 | Potion of Mana |
| 12:45 | Skeletal Mastery |
| 12:59 | Web |
| 13:47 | Necromancer |
| 13:53 | Crypt Fiend |
| 14:34 | Crypt Fiend |
| 14:36 | Necromancer |
| 14:44 | Troll Batrider |
| 15:04 | Peon |
| 15:04 | Peon |
| 15:09 | Crypt Fiend |
| 15:10 | Necromancer |
| 15:53 | Crypt Fiend |
| 16:19 | Spirit Tower |
| 16:50 | War Mill |
| 17:49 | Great Hall |
| 18:15 | Watch Tower |
| 18:17 | Spiked Barricades |
| 18:35 | Great Hall |
| 19:59 | Steel Melee Weapons |
| 21:03 | Steel Armor |
| 21:38 | Steel Ranged Weapons |
| Right click | 660 |
| Select | 331 |
| Select group | 321 |
| Chat | 128 |
| Build/train/purchase | 118 |
| Assign group | 45 |
| Misc. action | 45 |
| Use ability | 26 |
| Remove unit | 3 |
| Item give/drop | 2 |
| Minimap ping | 2 |

| Lesser Clarity Potion | 2 | 140 |
| Potion of Healing | 1 | 150 |
| Healing Salve | 3 | 300 |
| total: | 6 | 590g |
| Peasant | 10 | 750 | / | 0 |
| Gryphon Rider | 6 | 1680 | / | 420 |
| total: | 16 | 2430g | / | 420w |
| Scout Tower | 10 | 300 | / | 200 |
| Guard Tower | 6 | 420 | / | 300 |
| Arcane Tower | 1 | 70 | / | 50 |
| Altar of Kings | 1 | 180 | / | 50 |
| Farm | 14 | 1120 | / | 280 |
| Lumber Mill | 1 | 120 | / | 0 |
| Blacksmith | 1 | 140 | / | 60 |
| Gryphon Aviary | 2 | 280 | / | 300 |
| Keep | 1 | 320 | / | 210 |
| Castle | 1 | 360 | / | 210 |
| total: | 29 | 2140g | / | 890w |
| 0:05 | Altar of Kings |
| 0:06 | Farm |
| 0:09 | Farm |
| 0:10 | Peasant |
| 0:10 | Peasant |
| 0:10 | Peasant |
| 0:11 | Peasant |
| 0:35 | Peasant |
| 0:35 | Peasant |
| 0:35 | Peasant |
| 1:13 | Peasant |
| 1:32 | Peasant |
| 1:48 | Lumber Mill |
| 2:05 | Keep |
| 2:18 | Devotion Aura |
| 2:33 | Scout Tower |
| 2:34 | Scout Tower |
| 2:35 | Scout Tower |
| 2:38 | Scout Tower |
| 2:41 | Scout Tower |
| 3:07 | Scout Tower |
| 3:08 | Scout Tower |
| 3:13 | Scout Tower |
| 3:29 | Guard Tower |
| 3:32 | Guard Tower |
| 3:39 | Improved Lumber Harvesting |
| 3:39 | Advanced Lumber Harvesting |
| 3:43 | Farm |
| 3:46 | Farm |
| 3:47 | Farm |
| 3:50 | Farm |
| 3:53 | Farm |
| 3:58 | Healing Salve |
| 4:10 | Lesser Clarity Potion |
| 4:29 | Peasant |
| 4:33 | Arcane Tower |
| 4:35 | Guard Tower |
| 4:54 | Gryphon Aviary |
| 5:33 | Castle |
| 6:04 | Farm |
| 6:21 | Gryphon Aviary |
| 7:28 | Farm |
| 7:54 | Gryphon Rider |
| 7:55 | Gryphon Rider |
| 8:10 | Gryphon Rider |
| 8:13 | Guard Tower |
| 8:27 | Scout Tower |
| 8:45 | Blacksmith |
| 9:21 | Holy Light |
| 9:35 | Gryphon Rider |
| 9:38 | Storm Hammers |
| 9:55 | Devotion Aura |
| 10:18 | Guard Tower |
| 10:24 | Scout Tower |
| 10:37 | Potion of Healing |
| 11:01 | Holy Light |
| 11:38 | Gryphon Rider |
| 11:40 | Gryphon Rider |
| 12:13 | Farm |
| 12:15 | Farm |
| 12:19 | Farm |
| 12:20 | Farm |
| 12:22 | Farm |
| 12:27 | Lesser Clarity Potion |
| 12:37 | Healing Salve |
| 12:38 | Healing Salve |
| Assign group | 419 |
| Right click | 211 |
| Select group | 155 |
| Select | 138 |
| Build/train/purchase | 43 |
| Misc. action | 29 |
| Use ability | 13 |
| Minimap ping | 4 |


| Lesser Clarity Potion | 7 | 490 |
| Scroll of Regeneration | 1 | 100 |
| Staff of Sanctuary | 1 | 250 |
| Scroll of Town Portal | 2 | 700 |
| Boots of Speed | 1 | 250 |
| Healing Salve | 1 | 100 |
| Scroll of Speed | 1 | 50 |
| total: | 14 | 1940g |
| Peasant | 10 | 750 | / | 0 |
| Rifleman | 10 | 2050 | / | 300 |
| total: | 20 | 2800g | / | 300w |
| Scout Tower | 1 | 30 | / | 20 |
| Arcane Tower | 1 | 70 | / | 50 |
| Lumber Mill | 1 | 120 | / | 0 |
| Blacksmith | 1 | 140 | / | 60 |
| Barracks | 1 | 160 | / | 60 |
| Farm | 7 | 560 | / | 140 |
| Altar of Kings | 1 | 180 | / | 50 |
| Arcane Vault | 1 | 130 | / | 30 |
| Workshop | 1 | 140 | / | 140 |
| Keep | 1 | 320 | / | 210 |
| Castle | 1 | 360 | / | 210 |
| total: | 14 | 1460g | / | 500w |
| 0:01 | Peasant |
| 0:01 | Peasant |
| 0:02 | Peasant |
| 0:02 | Peasant |
| 0:02 | Peasant |
| 0:05 | Peasant |
| 0:05 | Peasant |
| 0:22 | Lumber Mill |
| 0:35 | Peasant |
| 1:02 | Blacksmith |
| 1:05 | Barracks |
| 1:07 | Farm |
| 1:16 | Farm |
| 1:34 | Peasant |
| 1:50 | Altar of Kings |
| 1:56 | Farm |
| 2:00 | Farm |
| 2:09 | Improved Lumber Harvesting |
| 2:19 | Rifleman |
| 2:19 | Rifleman |
| 2:29 | Black Gunpowder |
| 2:48 | Rifleman |
| 2:48 | Rifleman |
| 3:09 | Rifleman |
| 3:26 | Arcane Vault |
| 3:42 | Rifleman |
| 4:02 | Thunder Clap |
| 4:07 | Rifleman |
| 4:30 | Rifleman |
| 5:15 | Keep |
| 5:22 | Healing Salve |
| 5:23 | Lesser Clarity Potion |
| 5:25 | Scroll of Speed |
| 5:29 | Lesser Clarity Potion |
| 5:29 | Lesser Clarity Potion |
| 5:29 | Lesser Clarity Potion |
| 5:38 | Farm |
| 5:39 | Farm |
| 5:45 | Scout Tower |
| 5:50 | Studded Leather Armor |
| 5:50 | Reinforced Leather Armor |
| 6:01 | Storm Bolt |
| 6:44 | Boots of Speed |
| 6:46 | Rifleman |
| 6:49 | Arcane Tower |
| 7:38 | Long Rifles |
| 7:58 | Thunder Clap |
| 7:58 | Thunder Clap |
| 8:36 | Refined Gunpowder |
| 8:39 | Peasant |
| 8:45 | Holy Light |
| 8:45 | Holy Light |
| 8:59 | Castle |
| 9:04 | Workshop |
| 9:10 | Lesser Clarity Potion |
| 9:12 | Scroll of Regeneration |
| 9:33 | Scroll of Town Portal |
| 9:33 | Scroll of Town Portal |
| 11:45 | Fragmentation Shards |
| 11:49 | Advanced Lumber Harvesting |
| 11:51 | Imbued Gunpowder |
| 11:56 | Farm |
| 12:33 | Rifleman |
| 12:47 | Lesser Clarity Potion |
| 12:48 | Lesser Clarity Potion |
| 12:48 | Staff of Sanctuary |
| 12:56 | Flak Cannons |
| Right click | 404 |
| Select group | 351 |
| Select | 198 |
| Misc. action | 191 |
| Build/train/purchase | 83 |
| Use ability | 19 |
| Assign group | 18 |
| Minimap ping | 2 |
| Remove unit | 1 |
⇛